 Dungeon Crawl Stone Soup version 0.29.0-13-gc9e81de378 (webtiles) character file.

Game seed: 4929679916145426795

43 Arum the Shield-Bearer (level 3, -4/30 HPs)
             Began as a Formicid Fighter on Sept 9, 2022.
             Slain by a worm (9 damage)
             ... on level 2 of the Dungeon.
             The game lasted 00:01:02 (1286 turns).

Arum the Shield-Bearer (Formicid Fighter)           Turns: 1286, Time: 00:01:03

Health: -4/30      AC:  6    Str: 22    XL:     3   Next: 82%
Magic:  3/3        EV:  9    Int:  7    God:
Gold:   40         SH:  5    Dex: 13    Spells: 2/2 levels left

rFire   . . .      SeeInvis +   a - +0 flail
rCold   . . .      Faith    .   c - +0 buckler
rNeg    . . .      Spirit   .   b - +0 scale mail
rPois   .          Reflect  .   (helmet unavailable)
rElec   .          Harm     .   (no cloak)
rCorr   .          Rampage  .   (no gloves)
Will    .....                   (no boots)
Stlth   ..........              (no amulet)
HPRegen 0.10/turn               (no ring)
MPRegen 0.08/turn               (no ring)

@: no status effects
A: permanent stasis, dig shafts and tunnels, antennae 3, four strong arms
a: Dig, Shaft Self


You were on level 2 of the Dungeon.
You visited 1 branch of the dungeon, and saw 2 of its levels.

You collected 40 gold pieces.

Inventory:

Hand Weapons
 a - a +0 flail (weapon)
Missiles
 g - 2 throwing nets
Armour
 b - a +0 scale mail (worn)
 c - a +0 buckler (worn)
Scrolls
 h - 3 scrolls of identify {unknown}
 i - a scroll of enchant armour {unknown}
 j - 3 scrolls of immolation {unknown}
 k - a scroll of teleportation {unknown}
 o - 3 scrolls of brand weapon {unknown}
Potions
 d - a potion of might
 e - 2 potions of degeneration {unknown}
 f - a potion of flight {unknown}
 l - a potion of mutation {unknown}
 m - a potion of curing {unknown}
 n - a potion of heal wounds {unknown}


   Skills:
 + Level 3.8 Fighting
 + Level 2.6 Maces & Flails
 + Level 3.6 Armour
 + Level 4.6 Shields


You had 2 spell levels left.
You didn't know any spells.
Your spell library was empty.

Dungeon Overview and Level Annotations

Branches:
Dungeon (2/15)

Altars:


Innate Abilities, Weirdness & Mutations

You cannot be hasted, slowed, berserked, paralysed or teleported.
You can dig through walls and to a lower floor.
You have a pair of large antennae on your head. (SInv)
Your four strong arms can wield two-handed weapons with a shield.


Message History

The worm bites you but does no damage.
You barely miss the worm. The worm bites you.
You hit the worm but do no damage. The worm bites you.
You hit the worm but do no damage. You hit the worm.
The worm is lightly wounded.
You block the worm's attack.
A worm is nearby!
A worm is nearby!
A worm is nearby!
You hit the worm but do no damage.
The worm is lightly wounded.
The worm bites you.
You hit the worm but do no damage.
The worm is lightly wounded.
The worm closely misses you.
You barely miss the worm. You hit the worm but do no damage.
The worm bites you but does no damage.
You hit the worm.
The worm is lightly wounded.
The worm bites you.
You are too injured to fight recklessly!
You are too injured to fight recklessly!
You are too injured to fight recklessly!
You are too injured to fight recklessly!
You are too injured to fight recklessly!
A worm is nearby!
You barely miss the worm.
The worm is lightly wounded.
The worm completely misses you.
You sock the worm!
The worm is severely wounded.
The worm bites you.
* * * LOW HITPOINT WARNING * * *
You hit the worm.
The worm is almost dead.
You barely miss the worm.
The worm is almost dead.
The worm bites you!
You die...

....
##.............
.#.#
##............
...
#..#.........
...
###.##.........
...............
#...#..........
...###..........
#### #..$.......
#..@.......
##.w......#
#..........
#..........
#..........
#..........
#..........
##........#


You could see a worm.

Vanquished Creatures
  An adder (D:2)
  A worm (D:2)
  A ball python (D:1)
  6 bats
  4 endoplasms
  A giant cockroach (D:1)
  A goblin (D:2)
  5 hobgoblins
  A kobold (D:1)
  A quokka (D:1)
  3 frilled lizards
  5 rats
30 creatures vanquished.

Notes
Turn   | Place    | Note
-------+----------+-------------------------------------------
     0 | D:1      | Arum the Formicid Fighter began the quest for the Orb.
     0 | D:1      | Reached XP level 1. HP: 18/18 MP: 1/1
   116 | D:1      | Reached XP level 2. HP: 24/24 MP: 2/2
  1071 | D:2      | Reached XP level 3. HP: 29/29 MP: 3/3
  1286 | D:2      | Slain by a worm

Illustrated notes

Levels and vault maps discovered:
D:1:      wheals_arrival_shading, layout_basic
D:2:      layout_rooms, basic_ecumenical_altar

Action                   || total
-------------------------++-------
Melee: Flail             ||    91
Armor: Scale mail        ||    40
Dodge: Dodged            ||    33
Block: Buckler           ||    14
